[Event "Torneo Nuevo Centro. Jornada 10"]
[Site "Chess.com"]
[Date "2020.08.21"]
[Round "3"]
[White "Garrido Silos, Pablo"]
[Black "Montesinos Diaz, Luis"]
[Result "0-1"]
[WhiteElo "1455"]
[BlackElo "1872"]
[TimeControl "180+2"]
[EndTime "10:59:55 PDT"]
[Termination "Victoria de Gwiso_06 por jaque mate"]

1. e4 c6 2. d4 d5 3. Nc3 dxe4 4. Nxe4 Bf5 5. Ng3 Bg6 6. Nh3 Nd7 7. Nf4 e5 8. Nxg6 hxg6 9. dxe5 Nxe5 10. Qxd8+ Rxd8 11. Bf4 Ng4 12. Be2 N8f6 13. Bxg4 Nxg4 14. h3 Nf6 15.
O-O Nd5 16. Rfe1+ Be7 17. Be3 a6 18. Bc5 Rd7 19. Bxe7 Rxe7 20. Rxe7+ Kxe7 21. Re1+ Kd7 22. Rd1 Kc7 23. c4 Nb6 24. b3 Re8 25. Kf1 a5 26.
Rd2 a4 27. Re2 Rxe2 28. Kxe2 axb3 29. axb3 f5 30. Kd3 Kd6 31. Ne2 Nd7 32. Nf4 g5 33. Nh5 g6 34. Ng3 Nc5+ 35. Kc3 Ke5 36. f3 Ne6 37.
Nf1 Nf4 38. Ne3 Ne2+ 39. Kd2 Nd4 40. Kc3 Ne6 41. Nc2 Kf4 42. Ne1 Kg3 43. Kb4 Nf4 44.
Kc5 Nxg2 45. Nxg2 Kxg2 46. Kb6 Kxf3 47. Kxb7 g4 48. hxg4 fxg4 49. Kxc6 g3 50. c5 g2 51. Kb7 g1=Q 52. c6 Qc5 53. c7 Qb5+ 54. Ka8 Qa6+ 55. Kb8 Qb6+ 56. Kc8 Qxb3 57. Kd8 Qd5+ 58. Kc8 g5 59. Kb8 Qc6 60. c8=Q Qxc8+ 61. Kxc8 g4 62.
Kd7 g3 63. Ke6 g2 64. Ke5 g1=Q 65. Kf5 Qe3 66. Kf6 Qe4 67. Kg7 Qf5 68. Kh8 Qg4 69. Kh7 Kf4 70. Kh6 Kf5 71. Kh7 Kf6 72. Kh8 Qg7# 0

[Event "Torneo Nuevo Centro. Jornada 10"]
[Site "Chess.com"]
[Date "2020.08.21"]
[Round "3"]
[White "Macias Pino, Diego"]
[Black "Yuste Valenzuela, Alejandro"]
[Result "1-0"]
[WhiteElo "2233"]
[BlackElo "1879"]
[TimeControl "180+2"]
[EndTime "10:59:58 PDT"]
[Termination "Victoria de adivinaquiensoy por tiempo"]

1. d4 Nf6 2. Nf3 d6 3. c3 g6 4. Bf4 Bg7 5. Nbd2 O-O 6. e4 Nfd7 7. Be3 e5 8. Bc4 Nc6 9. O-O a6 10. a4 Nb6 11. Ba2 h6 12. Qc2 exd4 13. cxd4 Nb4 14. Qb3 Nxa2 15. Qxa2 d5 16. e5 Be6 17. Rfc1 Nc4 18.
Nxc4 dxc4 19. Qa3 Bd5 20. Nd2 b5 21. Qc5 c6 22. f3 Qd7 23. Bf2 Be6 24. Ne4 Qd5 25. Qa3 Rfd8 26. Qc3 Bf5 27. Nd6 Bd3 28. b3 Bf8 29. bxc4 bxc4 30. Nxc4 Bxc4 31. Qxc4 c5 32. Qxd5 Rxd5 33. dxc5 Rc8 34. f4 Bxc5 35. Kf1 Rc7 36. a5 Kf8 37. Ra2 Ke8 38. Rac2 1

[Event "Torneo Nuevo Centro. Jornada 10"]
[Site "Chess.com"]
[Date "2020.08.21"]
[Round "3"]
[White "Polikarpov, Anton"]
[Black "Valverde Alcaide, Miguel Alejandro"]
[Result "1-0"]
[WhiteElo "1224"]
[BlackElo "889"]
[TimeControl "180+2"]
[EndTime "10:59:58 PDT"]
[Termination "Victoria de AntonPolikarpov por jaque mate"]

1. e4 e5 2. Nf3 Nc6 3. Bc4 Qe7 4. O-O Nf6 5. Ng5 d5 6. Bb5 dxe4 7. Qe2 Nd5 8. Qxe4 Qxg5 9. Qxd5 Bd7 10. Bxc6 Bxc6 11.
h4 Qf5 12. Qd3 Qxd3 13. cxd3 Bc5 14. Re1 f6 15. Nc3 Rd8 16. b4 Bxb4 17. Rb1 a5 18. a3 Bxc3 19. dxc3 Rxd3 20. Be3 O-O 21. Rbd1 Rxc3 22.
Rc1 Rxa3 23. Bc5 Rb3 24. Bxf8 Kxf8 25. Rb1 Ra3 26. Ra1 Rxa1 27. Rxa1 a4 28. Ra3 Kf7 29. g3 Kg6 30. Kf1 Kh5 31. Ke2 Kg4 32. f3+ Kxg3 33. h5 Kh4 34. Ra1 b5 35. Ke3 Kg3 36. Rg1+ Kh4 37. f4 exf4+ 38. Kxf4 Kxh5 39. Kf5 g6+ 40. Kf4 g5+ 41. Kf5 h6 42. Rg3 b4 43. Rh3# 1

[Event "Torneo Nuevo Centro. Jornada 10"]
[Site "Chess.com"]
[Date "2020.08.21"]
[Round "3"]
[White "Valero Martinez, Óscar"]
[Black "Mangues Rubia, Alex"]
[Result "0-1"]
[WhiteElo "1116"]
[BlackElo "1553"]
[TimeControl "180+2"]
[EndTime "11:00:01 PDT"]
[Termination "Victoria de Rexher73 por jaque mate"]

1. e4 c6 2. Nf3 g6 3. Nc3 Bg7 4. Bc4 Nf6 5. d3 b5 6. Bb3 d6 7. Ng5 O-O 8. Bf4 a5 9. a3 h6 10. e5 Nh5 11. Nxf7 Rxf7 12. Bxf7+ Kxf7 13. exd6 Nxf4 14.
Qf3 Qxd6 15. Ne4 Qe5 16. O-O h5 17. Rae1 Bg4 18. Qe3 Qc7 19. h3 Bf5 20. Nc5 e6 21. Qxe6+ Bxe6 22. Nxe6 Nxe6 23. f4 Qb6+ 24. Kh1 Nd4 25.
Re4 Nd7 26. f5 Nxf5 27. Ref4 Bh6 28. d4 Bxf4 29. Rxf4 Nf6 30. d5 cxd5 31. c3 Re8 32. Kh2 Qc7 33. g3 Qxf4 34. gxf4 Re2+ 35. Kg1 Rxb2 36.
Kf1 Ng3+ 37. Ke1 Nfe4 38. Kd1 Nxc3+ 39. Kc1 Rh2 40. a4 Nge4 41. h4 Nc5 42. f5 Nd3# 0

[Event "Torneo Nuevo Centro. Jornada 10"]
[Site "Chess.com"]
[Date "2020.08.21"]
[Round "3"]
[White "Rodriguez Rodriguez, Joan David "]
[Black "Luque Saiz, Andrés"]
[Result "0-1"]
[WhiteElo "1722"]
[BlackElo "2045"]
[TimeControl "180+2"]
[EndTime "11:00:12 PDT"]
[Termination "Victoria de Chuch1n por abandono"]

1. d4 d5 2. c4 c6 3. cxd5 cxd5 4. Bf4 Nc6 5. Nc3 Nf6 6. e3 a6 7. Bd3 Bg4 8. f3 Bh5 9. a3 e6 10. Nge2 Bd6 11. O-O O-O 12. Bg3 Bg6 13. Qc2 Rc8 14. Bxg6 hxg6 15. Qd3 Na5 16. Rab1 Nc4 17. e4 Bxg3 18. Nxg3 dxe4 19. fxe4 e5 20. d5 Qb6+ 21.
Kh1 Nxb2 22. Na4 Nxd3 23. Rxb6 Rc4 24. Rf3 Nxe4 25. Nb2 Nxg3+ 26. hxg3 Nxb2 27. Rxb2 b5 28. Rd3 Rd8 29. Re2 f6 30. Kh2 Kf7 31. Kh3 Ke7 32.
g4 Kd6 33. Kg3 g5 34. Kf3 Rdc8 35. Kg3 R8c5 36. Red2 Rc3 37. Rxc3 Rxc3+ 38. Kh2 Rxa3 39. Rc2 Kxd5 40. Rc7 b4 41. Rxg7 b3 42. Rd7+ Ke6 43. Rb7 a5 44. Rb6+ Kf7 45. Rb5 a4 46. Rb4 Ra2 47. Kg3 b2 48. Kf3 Ra3+ 49. Kf2 Rb3 50.
Rxa4 b1=Q 51. Ra7+ Kg6 0

[Event "Torneo Nuevo Centro. Jornada 10"]
[Site "Chess.com"]
[Date "2020.08.21"]
[Round "3"]
[White "Conon, Catalin"]
[Black "Cebolla Ruiz, David"]
[Result "1-0"]
[WhiteElo "1917"]
[BlackElo "1559"]
[TimeControl "180+2"]
[EndTime "11:00:16 PDT"]
[Termination "Victoria de CatalinConon por jaque mate"]

1. e4 e5 2. Nf3 d6 3. Nc3 Be7 4. Bc4 Nf6 5. O-O O-O 6. d3 Nbd7 7.
a3 a5 8. Be3 b6 9. Qd2 Bb7 10.
h3 Nc5 11. Bxc5 bxc5 12. Rad1 c6 13. Ne2 Qb6 14. c3 d5 15. exd5 cxd5 16. Ba2 e4 17. dxe4 Nxe4 18. Qc2 Rad8 19. Nf4 Nf6 20. Qb3 Qxb3 21.
Bxb3 Rfe8 22. Rfe1 Bd6 23. Nd3 Ne4 24. Bc2 Re7 25. Ba4 Nf6 26. Rxe7 Bxe7 27. Nde5 Bd6 28. Re1 Bxe5 29. Nxe5 d4 30. cxd4 cxd4 31. Rd1 Be4 32. f3 Bf5 33. Nc6 Rd6 34. Ne7+ Kf8 35. Nxf5 Rd5 36.
Nxd4 Nd7 37. Bxd7 Rxd7 38. Ne6+ Ke7 39. Rxd7+ Kxd7 40. Nd4 Kd6 41. Kf2 g6 42. Ke3 Kd5 43. Kd3 f5 44. Ne2 Ke5 45. b4 axb4 46. axb4 Kd5 47. Nc3+ Kc6 48. Kc4 Kb6 49. b5 Kb7 50. Nd5 Kb8 51. Kc5 Kb7 52. b6 Kb8 53. Nf6 h6 54. Nh7 g5 55. Nf6 g4 56. fxg4 fxg4 57. hxg4 Kb7 58. Kb5 Kb8 59. Kc6 h5 60. gxh5 Ka8 61. b7+ Kb8 62. Nd7+ Ka7 63. b8=Q+ Ka6 64. Qb6# 1

[Event "Torneo Nuevo Centro. Jornada 10"]
[Site "Chess.com"]
[Date "2020.08.21"]
[Round "3"]
[White "Rausell Taberner, Diego"]
[Black "Perrot, Fabien "]
[Result "1-0"]
[WhiteElo "676"]
[BlackElo "1110"]
[TimeControl "180+2"]
[EndTime "11:00:23 PDT"]
[Termination "Victoria de DieguinRau por tiempo"]

1. e4 e5 2. Nf3 Nc6 3. Bc4 Bc5 4.
O-O Nf6 5. Nc3 O-O 6. d3 d6 7.
Bg5 Bg4 8. h3 Bh5 9. Qe1 Bxf3 10. gxf3 Nd4 11. Kg2 Nxc2 12. Qd2 Nxa1 13. Rxa1 h6 14. Rh1 hxg5 15. Qxg5 Nh7 16. Qg4 Nf6 17.
Qf5 g6 18. Qg5 Nh7 19. Qh6 Qg5+ 20. Qxg5 Nxg5 21. Nd5 Bb6 22. Nf6+ Kg7 23. Nd7 Rfd8 24. Nxb6 axb6 25. Kg3 c6 26. Kg4 Ne6 27. Kh4 d5 28.
exd5 cxd5 29. Bb5 Nd4 30. Rg1 Nxf3+ 31. Kg4 Nxg1 32. Ba4 Ne2 33. b3 Nd4 34. b4 Rxa4 35. Kh4 Rxb4 36. a3 Rb3 37. Kg5 Rxd3 38. Kg4 1

[Event "Torneo Nuevo Centro. Jornada 10"]
[Site "Chess.com"]
[Date "2020.08.21"]
[Round "3"]
[White "Tormos Beltran, Maite"]
[Black "Gómez Alonso, Óscar"]
[Result "1/2-1/2"]
[WhiteElo "1440"]
[BlackElo "1842"]
[TimeControl "180+2"]
[EndTime "11:01:15 PDT"]
[Termination "Tablas por repeticiÃ³n"]

1. d4 Nf6 2. c4 e6 3. Nc3 d5 4. Nf3 Be7 5. Ne5 O-O 6. cxd5 exd5 7. e3 c6 8. Bd3 Nbd7 9. Nxd7 Bxd7 10. O-O Bd6 11.
a3 Re8 12. b4 Qc7 13. Rb1 Bxh2+ 14. Kh1 Bd6 15. b5 c5 16. dxc5 Bxc5 17. Bb2 b6 18. Qf3 Qd6 19. a4 Bg4 20. Qf4 Qe6 21. Ne2 Ne4 22. Nd4 Bxd4 23. Bxd4 Nd2 24. Rbc1 Nxf1 25. Rc6 Qe7 26. Qxg4 f5 27. Qh5 g6 28. Rxg6+ hxg6 29. Qxg6+ Kf8 30. Qh6+ Kf7 31. Qg7+ Ke6 32. Qe5+ Kd7 33.
Qxd5+ Qd6 34. Bxf5+ Kc7 35. Qf7+ Re7 36. Qc4+ Kb7 37. Bg4 Nd2 38. Bf3+ Nxf3 39. gxf3 Rh7+ 40. Kg1 Qg6+ 41. Kf1 Qd6 42. Ke2 Rc8 43. Qb3 Rd7 44. Qd3 Qc7 45. Qe4+ Kb8 46. Be5 Rcd8 47. Bxc7+ Rxc7 48.
Qe5 Rc8 49. f4 Kb7 50. Kf3 Rc4 51. Qe7+ R8c7 52. Qe6 Rxa4 53. Qd5+ Kb8 54. Qd8+ Kb7 55. Qd5+ Kb8 56. Qd8+ Rc8 57. Qd6+ Rc7 58. Qd8+ 1/2-1

[Event "Torneo Nuevo Centro. Jornada 10"]
[Site "Chess.com"]
[Date "2020.08.21"]
[Round "3"]
[White "Camison Zornoza, Cesar"]
[Black "Kovacevic, Slobodan"]
[Result "0-1"]
[WhiteElo "1791"]
[BlackElo "2309"]
[TimeControl "180+2"]
[EndTime "11:02:28 PDT"]
[Termination "Victoria de nikko110 por jaque mate"]

1. e4 c5 2. d4 cxd4 3. c3 d3 4. Bxd3 e6 5. c4 a6 6. Nc3 Qc7 7. Nf3 d6 8. O-O Nf6 9. h3 Be7 10. Bf4 Nbd7 11. Qe2 Ne5 12. Nxe5 dxe5 13. Be3 b6 14.
Rac1 O-O 15. a3 a5 16. Kh1 Bd7 17. f4 Bd6 18. Nb5 Bxb5 19. cxb5 Qd8 20. f5 exf5 21. Rxf5 Nd7 22. Rc6 Nc5 23. Bb1 Rc8 24. Rxc8 Qxc8 25. Qg4 g6 26. Rxf7 Qxg4 27. Rxf8+ Kxf8 28. hxg4 Kf7 29. Kg1 Be7 30. Kf2 Ke6 31. Kf3 Kd6 32. Bc2 Bd8 33. g5 Ne6 34. Bb3 Nxg5+ 35. Bxg5 Bxg5 36.
Bg8 h6 37. Bh7 Bc1 38. a4 g5 39. Bg8 Bxb2 40. Ke2 Bc1 41. Kd3 Kc5 42. Bb3 h5 43. Bd1 h4 44. Kc3 Be3 45. Bf3 Bd4+ 46. Kb3 Bf2 47. Kc3 Be1+ 48. Kd3 Kb4 49. Bd1 g4 50. Ke2 Bg3 51. Kf1 h3 52. gxh3 gxh3 53. Kg1 Kc3 54. Bg4 h2+ 55. Kg2 Bf4 56. Bd1 Kd3 57.
Bf3 Ke3 58. Bh5 Kxe4 59. Be8 Ke3 60. Bc6 e4 61. Bd5 Kd3 62. Bc6 e3 63. Kf1 e2+ 64. Kf2 Kd2 65. Kf3 Bd6 66. Kg4 e1=Q 67. Bf3 h1=Q 68. Bxh1 Qxh1 69. Kf5 Qd5+ 70. Kg4 Qe4+ 71. Kg5 Ke3 72. Kf6 Kf4 73. Kf7 Kf5 74. Kg8 Qe7 75. Kh8 Be5+ 76. Kg8 Qg7# 0

[Event "Torneo Nuevo Centro. Jornada 10"]
[Site "Chess.com"]
[Date "2020.08.21"]
[Round "3"]
[White "De Nacimiento Montano, Antonio"]
[Black "Nadal Fajardo, Ricard"]
[Result "0-1"]
[WhiteElo "1853"]
[BlackElo "2226"]
[TimeControl "180+2"]
[EndTime "11:02:53 PDT"]
[Termination "Victoria de gomokuniano por tiempo"]

1. e4 c6 2. d4 d5 3. exd5 cxd5 4. c4 Nf6 5. Nf3 e6 6. Bd3 dxc4 7. Bxc4 Be7 8. O-O O-O 9. Nc3 a6 10. a3 b5 11. Ba2 Bb7 12. Bg5 Nc6 13. Qd3 Rc8 14. Rad1 Na5 15. Bb1 g6 16. Rfe1 Nc4 17. Re2 Nd5 18.
Bh6 Nxc3 19. bxc3 Re8 20. a4 bxa4 21. Ne5 Nxe5 22. Rxe5 Bd5 23. Qd2 Qc7 24. Rc1 Bd6 25. Re2 Bxh2+ 26. Kh1 Bd6 27. Ba2 Bb3 28. c4 Qe7 29. g3 Qb7+ 30. Kg1 Qf3 31. Bxb3 axb3 32. Re3 Qb7 33. Qc3 Bf8 34. Bxf8 Rxf8 35. Qxb3 Qxb3 36. Rxb3 Rfd8 37. Rd3 Rd6 38. c5 Rd5 39. c6 Rc7 40. Kf1 Rd6 41. Ra3 Rdxc6 42. Rxc6 Rxc6 43. Ra4 Kf8 44. Ke2 Ke7 45. Ke3 Kf6 46. f4 h6 47. g4 g5 48. Ke4 Ke7 49. f5 Kf6 50. Ra5 Rb6 51.
fxe6 fxe6 52. Ra4 Kg6 53. Ke5 h5 54. gxh5+ Kxh5 55. Ra1 g4 56. Kf4 Rb4 57. Rh1+ Kg6 58. Ke5 Kg5 59. Ra1 Rb6 60. Rg1 a5 61. Ra1 g3 62. Rxa5 Kg4 63. Ra8 Kf3 64. Rf8+ Ke2 65. Rg8 Kf2 66. Rf8+ Kg1 67. Kf4 g2 68. Rg8 Kf2 69.
Ke5 g1=Q 70. Rxg1 Kxg1 71. d5 exd5 72. Kxd5 Kf2 73. Kc5 Rg6 74. Kd5 Ke3 75. Ke5 Rg5+ 0

[Event "Torneo Nuevo Centro. Jornada 10"]
[Site "Chess.com"]
[Date "2020.08.21"]
[Round "3"]
[White "Serarols Mabras, Bernat"]
[Black "Cantero Navarro, Antonio"]
[Result "1/2-1/2"]
[WhiteElo "2358"]
[BlackElo "1926"]
[TimeControl "180+2"]
[EndTime "11:03:46 PDT"]
[Termination "Tablas por rey ahogado"]

1. d4 d5 2. c4 e6 3. Nf3 c6 4.
e3 Nf6 5. Nc3 Nbd7 6. Qc2 Bd6 7.
Be2 dxc4 8. Bxc4 e5 9. O-O O-O 10. h3 Qe7 11. Rd1 e4 12. Ng5 Nb6 13. Bb3 Bf5 14.
f3 Rae8 15. Ncxe4 Nxe4 16. Nxe4 Bxe4 17. fxe4 Qxe4 18. Qxe4 Rxe4 19. Bc2 Re7 20. e4 Rd8 21. e5 Bc7 22. Bg5 Red7 23. Bxd8 Rxd8 24. Bb3 Nd5 25. Bxd5 Rxd5 26. Rac1 Bb6 27. Kf1 Kf8 28. Rc4 c5 29. Ke2 cxd4 30. Rc8+ Ke7 31. Rb8 Rxe5+ 32. Kd3 Re3+ 33.
Kc4 Re2 34. Rxb7+ Ke6 35. a4 Rxb2 36. Re1+ Kf6 37. Rf1+ Ke6 38. Rfxf7 Rxg2 39. Rxg7 Rc2+ 40. Kb5 d3 41. Rbd7 Rc5+ 42. Kb4 d2 43. Rxd2 Rh5 44. Rdd7 Rxh3 45. Rxh7 Rg3 46. Rhe7+ Kf6 47. Kb5 Rg5+ 48. Kc6 Ra5 49. Re4 Kf5 50. Rc4 Kf6 51. Rb7 Ke6 52.
Re4+ Kf6 53. Rxb6 axb6 54. Kxb6 Rh5 55. a5 Rh1 56. a6 Rb1+ 57. Kc7 Rc1+ 58. Kb8 Rb1+ 59.
Ka8 Kf7 60. Re2 Rb6 61. a7 Rb3 62. Rc2 Ke7 63. Rc7+ Kd8 64. Rb7 Rc3 65. Rb8+ Kc7 66. Rh8 Ra3 67. Rh7+ Kc8 68. Rh4 Kc7 69. Rh1 Rc3 70.
Rh7+ Kc8 71. Rb7 Rc4 72. Rb8+ Kc7 73. Rh8 Rc3 74. Rh4 Kc8 75. Rh7 Rc2 76. Rg7 Rc1 77.
Rg8+ Kc7 78. Rb8 Rc2 79. Rb4 Rc3 80. Rb2 Kc8 81. Rb7 Rc4 82. Rg7 Rc5 83. Rh7 Rc4 84. Rh6 Kc7 85. Rh2 Kc8 86. Rb2 Kc7 87. Rb1 Kc8 88.
Rb7 Rc5 89. Rg7 Rc4 90. Rg5 Kc7 91. Rg7+ Kc8 92. Rg2 Kc7 93. Rg6 Kc8 94. Rg1 Kc7 95. Rg8 Rc5 96. Rg7+ Kc8 97. Rg6 Kc7 98. Rg5 Kc8 99.
Rd5 Rxd5 1/2-1

[Event "Torneo Nuevo Centro. Jornada 10"]
[Site "Chess.com"]
[Date "2020.08.21"]
[Round "4"]
[White "Iravedra Ainkov, Francisco"]
[Black "Miranda Calvo, Max Rodrigo"]
[Result "1-0"]
[WhiteElo "1810"]
[BlackElo "1370"]
[TimeControl "180+2"]
[EndTime "11:06:17 PDT"]
[Termination "Victoria de frankeIpro por abandono"]

1. e4 e5 2. Qh5 Nc6 3. Bc4 g6 4. Qf3 Nf6 5. Nc3 d6 6. h3 Bg7 7. Nge2 O-O 8. d3 Qe7 9. Bg5 h6 10. Nd5 Qe6 11. Nxf6+ 1

[Event "Torneo Nuevo Centro. Jornada 10"]
[Site "Chess.com"]
[Date "2020.08.21"]
[Round "4"]
[White "Castellano López, Javier"]
[Black "Conejero Martínez, Víctor"]
[Result "1-0"]
[WhiteElo "1904"]
[BlackElo "1415"]
[TimeControl "180+2"]
[EndTime "11:06:32 PDT"]
[Termination "Victoria de its_xavi_official por jaque mate"]

1. e4 c5 2. Nc3 Nc6 3. g3 d6 4. Bg2 Nf6 5. Nge2 g6 6. O-O Bg7 7. d3 O-O 8. Be3 Be6 9. h3 Qd7 10. Kh2 h6 11. Qd2 g5 12. f4 g4 13. f5 gxh3 14. Bxh3 h5 15. fxe6 fxe6 16. Bh6 Ng4+ 17.
Bxg4 hxg4 18. Qg5 Rf7 19. Rxf7 Kxf7 20. Qxg7+ Ke8 21. Qf8# 1

[Event "Torneo Nuevo Centro. Jornada 10"]
[Site "Chess.com"]
[Date "2020.08.21"]
[Round "4"]
[White "Grigorev, Artur "]
[Black "Valero Martinez, Óscar"]
[Result "0-1"]
[WhiteElo "938"]
[BlackElo "1135"]
[TimeControl "180+2"]
[EndTime "11:06:32 PDT"]
[Termination "Victoria de Oscar12000 por jaque mate"]

1. e4 e5 2. Nf3 Nc6 3. Nc3 Nf6 4. Bc4 Bc5 5. d3 d6 6. Bg5 O-O 7. Bxf6 Qxf6 8. Nd5 Qg6 9. O-O Bh3 10. Nh4 Qg5 11. Nxc7 Rac8 12. Nf3 Qxg2# 0

[Event "Torneo Nuevo Centro. Jornada 10"]
[Site "Chess.com"]
[Date "2020.08.21"]
[Round "4"]
[White "Ursariu, Nikolas Victor"]
[Black "Valverde Alcaide, Miguel Alejandro"]
[Result "1-0"]
[WhiteElo "1093"]
[BlackElo "885"]
[TimeControl "180+2"]
[EndTime "11:08:23 PDT"]
[Termination "Victoria de NikolasVictor por abandono"]

1. e4 e5 2. Nf3 d6 3. Nc3 c6 4. Bc4 Nh6 5. d3 d5 6. exd5 cxd5 7. Bxd5 Bc5 8. O-O Qf6 9. Bg5 Qg6 10. Re1 f6 11. Be3 Nf5 12. Bxc5 a5 13. Nxe5 Rf8 14. Nxg6+ Kd8 15. Bb6+ Kd7 16. Nxf8+ 1

[Event "Torneo Nuevo Centro. Jornada 10"]
[Site "Chess.com"]
[Date "2020.08.21"]
[Round "4"]
[White "Perrot, Fabien "]
[Black "Maestre Soler, Sergio"]
[Result "1-0"]
[WhiteElo "1114"]
[BlackElo "915"]
[TimeControl "180+2"]
[EndTime "11:08:26 PDT"]
[Termination "Victoria de InspiredMinds por tiempo"]

1. d4 e5 2. dxe5 Nc6 3. Nf3 d6 4. exd6 cxd6 5. e3 Nf6 6. Bb5 a6 7. Ba4 b5 8. Bb3 b4 9. Ng5 h6 10. Nxf7 Qe7 11. Nxh8 1

[Event "Torneo Nuevo Centro. Jornada 10"]
[Site "Chess.com"]
[Date "2020.08.21"]
[Round "4"]
[White "Soliva Ruiz, Ramon"]
[Black "Carbonell Bofill, Carlos Eloy"]
[Result "0-1"]
[WhiteElo "1502"]
[BlackElo "1920"]
[TimeControl "180+2"]
[EndTime "11:08:45 PDT"]
[Termination "Victoria de MFCARLOS por abandono"]

1. d4 Nf6 2. Bf4 c5 3. e3 Qb6 4. Nd2 cxd4 5. exd4 Qxd4 6. Be3 Qxb2 7. Rb1 Qxa2 8. Bc4 Qa5 9. Rb5 Qd8 10. Ngf3 d5 11.
Bb3 Nc6 12. Nb1 e6 13. Ba4 Bb4+ 14. c3 Ba5 15. Bc5 Ne4 16. Qd3 a6 17. Rb3 Nxc5 0

[Event "Torneo Nuevo Centro. Jornada 10"]
[Site "Chess.com"]
[Date "2020.08.21"]
[Round "4"]
[White "Fente Fernandez, Jose Ignacio"]
[Black "Conon, Catalin"]
[Result "0-1"]
[WhiteElo "1540"]
[BlackElo "1919"]
[TimeControl "180+2"]
[EndTime "11:09:05 PDT"]
[Termination "Victoria de CatalinConon por abandono"]

1. e4 c5 2. Nf3 Nc6 3. d4 cxd4 4. Nxd4 e5 5. Nb5 a6 6. Nd6+ Bxd6 7. Qxd6 Qf6 8. Qd1 Qg6 9. Nc3 Nf6 10. f3 d5 11.
exd5 Nb4 12. a3 Nxc2+ 13. Ke2 Nxa1 14. Ke1 Qc2 15. Qe2 Qxe2+ 16. Bxe2 Nc2+ 17. Kf2 Nd4 18. Bd3 O-O 19. Re1 Re8 20. Bg5 Bf5 21. Bxf5 Nxf5 22. Bxf6 gxf6 23. Ne4 Kg7 24. d6 Red8 25. Rd1 Rac8 26.
d7 Rc7 27. g4 Nd4 28. g5 f5 29. Nf6 Rc2+ 30. Kg3 h6 31. h4 Ne2+ 32. Kh3 Nf4+ 0

[Event "Torneo Nuevo Centro. Jornada 10"]
[Site "Chess.com"]
[Date "2020.08.21"]
[Round "4"]
[White "Polikarpov, Anton"]
[Black "Birnoveanu, Petru"]
[Result "0-1"]
[WhiteElo "1217"]
[BlackElo "1713"]
[TimeControl "180+2"]
[EndTime "11:09:19 PDT"]
[Termination "Victoria de piculet por jaque mate"]

1. e4 Nc6 2. Nf3 f5 3. exf5 d5 4. Bb5 Bxf5 5. Ne5 Qd6 6. Nxc6 bxc6 7. Ba4 e5 8. Qf3 g6 9. g4 Bd7 10. d4 e4 11. Qe3 Bxg4 12. Qg5 Bf3 13. Bf4 Qd7 14.
Qe5+ Ne7 15. Qxh8 Bxh1 16. Qxh7 Bf3 17. Nc3 Qg4 18. Nxd5 Qg1+ 19. Kd2 Qxf2+ 20. Kc3 Nxd5+ 21. Kc4 Be2+ 22. Kb3 Rb8+ 23. Bb5 Rxb5+ 24. Ka4 Qxd4+ 25.
b4 Qxb4# 0

[Event "Torneo Nuevo Centro. Jornada 10"]
[Site "Chess.com"]
[Date "2020.08.21"]
[Round "4"]
[White "Ledezma Fortes, Jose Manuel"]
[Black "Pardo Ruiz, Beatriz"]
[Result "1-0"]
[WhiteElo "1800"]
[BlackElo "1335"]
[TimeControl "180+2"]
[EndTime "11:09:36 PDT"]
[Termination "Victoria de josema54 por tiempo"]

1. c4 e5 2. Nf3 Nc6 3. Nc3 Nf6 4. d3 Bc5 5. Bg5 h6 6. Bxf6 Qxf6 7. Ne4 Qe7 8. a3 O-O 9. e3 Bb6 10. Be2 d6 11. b4 Nd8 12. O-O Ne6 13. a4 a5 14. b5 Ng5 15. Nfxg5 hxg5 16. Nc3 Be6 17. Bf3 Ra7 18. Qd2 Rd8 19. Rae1 Qf6 20. Ne4 Qh6 21. Qe2 Bf5 22. Ng3 Qg6 23. Nxf5 Qxf5 24.
Be4 Qf6 25. Qg4 Qh6 26. h3 Qf6 27. Kh2 Qe7 28. Qh5 1

[Event "Torneo Nuevo Centro. Jornada 10"]
[Site "Chess.com"]
[Date "2020.08.21"]
[Round "4"]
[White "Gukasov, Artem"]
[Black "Roca Cruz, Rafael"]
[Result "1-0"]
[WhiteElo "1461"]
[BlackElo "1820"]
[TimeControl "180+2"]
[EndTime "11:09:48 PDT"]
[Termination "Victoria de ArtemGukasov por tiempo"]

1. e4 c5 2. Nf3 e6 3. d4 cxd4 4.
Nxd4 Nf6 5. Nc3 Bb4 6. Bd2 d5 7. exd5 Nxd5 8. Nxd5 Bxd2+ 9. Qxd2 Qxd5 10. c4 Qe4+ 11.
Be2 Qxg2 12. Rf1 h6 13. Nb5 O-O 14. Nc7 Na6 15. Nxa8 Qc6 16. b4 1

[Event "Torneo Nuevo Centro. Jornada 10"]
[Site "Chess.com"]
[Date "2020.08.21"]
[Round "4"]
[White "Gómez Alonso, Óscar"]
[Black "Yatseta Fernandez, Marc Kazymyr"]
[Result "1-0"]
[WhiteElo "1844"]
[BlackElo "1456"]
[TimeControl "180+2"]
[EndTime "11:10:36 PDT"]
[Termination "Victoria de osgo78 por abandono"]

1. d4 Nf6 2. c4 e5 3. dxe5 Ne4 4.
Nf3 Bb4+ 5. Nbd2 d5 6. exd6 Qxd6 7. a3 Bxd2+ 8. Nxd2 Nxd2 9. Qxd2 Qxd2+ 10. Bxd2 Nc6 11. Bc3 O-O 12. g3 Be6 13. b3 Rad8 14. Bg2 Nd4 15.
Bxd4 Rxd4 16. Rd1 Rfd8 17. Rxd4 Rxd4 18. Bxb7 Bh3 19. f3 a5 20. Be4 a4 21. e3 Rd8 22. b4 Re8 23. Ke2 g6 24. Rd1 Be6 25. Bd5 Bc8 26. Bc6 Rf8 27. Bxa4 f5 28. Bb3 Kg7 29.
c5 Ba6+ 30. Kf2 c6 31. Rd7+ Kh6 32. Rd6 1

[Event "Torneo Nuevo Centro. Jornada 10"]
[Site "Chess.com"]
[Date "2020.08.21"]
[Round "4"]
[White "Mangues Rubia, Alex"]
[Black "Rausell Taberner, Diego"]
[Result "1-0"]
[WhiteElo "1553"]
[BlackElo "676"]
[TimeControl "180+2"]
[EndTime "11:10:47 PDT"]
[Termination "Victoria de Rexher73 por jaque mate"]

1. d4 d5 2. Bf4 Bf5 3. e3 e6 4. c4 dxc4 5. Bxc4 Bb4+ 6. Nc3 Be4 7. Nf3 Nf6 8. Qb3 Nc6 9. O-O O-O 10. Ne5 h6 11. Nxc6 bxc6 12. Qxb4 Rb8 13. Qa5 Rxb2 14. Bxc7 Qd7 15. Bb3 Rd2 16. Na4 Bd3 17. Nc5 Qe8 18.
Qxd2 Bxf1 19. Rxf1 Qc8 20. Be5 Ng4 21. Qe2 Qd8 22.
Qxg4 f5 23. Qxg7# 1

[Event "Torneo Nuevo Centro. Jornada 10"]
[Site "Chess.com"]
[Date "2020.08.21"]
[Round "4"]
[White "Gimenez Saiz, Jose Raul"]
[Black "Garrido Silos, Pablo"]
[Result "1-0"]
[WhiteElo "1886"]
[BlackElo "1454"]
[TimeControl "180+2"]
[EndTime "11:10:53 PDT"]
[Termination "Victoria de rango013 por jaque mate"]

1. d4 Nf6 2. e3 g6 3. Bd3 d5 4. f4 Bg7 5. Nd2 O-O 6. Ngf3 Bg4 7.
O-O c6 8. h3 Bxf3 9. Qxf3 Nbd7 10. c3 e6 11. e4 dxe4 12. Nxe4 Nxe4 13. Bxe4 Nf6 14. Bd3 Qd5 15. Qxd5 Nxd5 16. Bd2 Rad8 17. a4 c5 18. dxc5 Nxf4 19. Bxf4 Rxd3 20. Rad1 Rfd8 21.
Bd6 Rxd1 22. Rxd1 Bf8 23. Rd4 Bxd6 24. Rxd6 Rxd6 25. cxd6 Kf8 26. b4 Ke8 27. c4 Kd7 28. c5 b6 29. Kf2 bxc5 30. bxc5 Kc6 31. Ke3 f5 32. Kd4 g5 33. Ke5 g4 34. hxg4 fxg4 35. Kxe6 h5 36. d7 h4 37. d8=Q a5 38. Qb6# 1

[Event "Torneo Nuevo Centro. Jornada 10"]
[Site "Chess.com"]
[Date "2020.08.21"]
[Round "4"]
[White "Luque Saiz, Andrés"]
[Black "Orts Tomás, Marc"]
[Result "1/2-1/2"]
[WhiteElo "2040"]
[BlackElo "1862"]
[TimeControl "180+2"]
[EndTime "11:11:13 PDT"]
[Termination "Tablas por repeticiÃ³n"]

1. e4 c5 2. Nf3 Nc6 3. Bb5 g6 4. Bxc6 dxc6 5. d3 Bg7 6. O-O e5 7. Be3 Qe7 8. Nc3 Nf6 9. h3 Nd7 10. Nh2 Nf8 11. f4 exf4 12. Bxf4 Ne6 13. Be3 O-O 14. Ng4 Nd4 15. Qd2 f5 16. Bg5 Qc7 17. Nh6+ Kh8 18. Rae1 Bd7 19. exf5 Nxf5 20. Nxf5 Bxf5 21.
Re7 Qb6 22. Bh6 Bd4+ 23. Kh2 Rfe8 24. Rfe1 Rxe7 25. Rxe7 Qxb2 26. Na4 Qb1 27. Bf8 Rxf8 28. Qh6 Qg1+ 29. Kg3 Qf2+ 30. Kh2 Qg1+ 31. Kg3 Qf2+ 32. Kh2 Qg1+ 1/2-1